Islanders vs Devils
Created - January 10, 2024 at 19:50
Goals
|
| Islanders |
1 |
0 |
0 |
1 |
| Devils |
1 |
2 |
2 |
5 |
|
Shots
|
| Islanders |
11 |
13 |
8 |
32 |
| Devils |
8 |
10 |
15 |
33 |
|
1st period
1. Islanders , Ryan Ellis 8 (Brock McGinn 7, Jason Spezza 9) at 5:53 (PP)
2. Devils , Matt Donovan 4 (Anton Lander 9, Nail Yakupov 2) at 10:30
Penalties :
Jason Spezza (NyI) for Interference (Minor) at 0:48, Kristopher Letang (N.J) for Hooking (Minor) at 5:19, Yann Sauvé (NyI) for Elbowing (Minor) at 10:39, Brayden McNabb (NyI) for Hooking (Minor) at 17:58
2nd period
3. Devils , Tyler Ennis 27 (Nazem Kadri 29, Thomas Hickey 12) at 1:13
4. Devils , Brayden Point 5 (Logan Shaw 11, Michael Del Zotto 11) at 14:04
Penalties :
Dylan McIlrath (NyI) for Hooking (Minor) at 1:45, Melker Karlsson (NyI) for Hooking (Minor) at 7:17
3rd period
5. Devils , Nail Yakupov 3 (Anton Lander 10, Eric Tangradi 6) at 8:36
6. Devils , Jonathan Huberdeau 15 (Sean Monahan 18) at 17:25 (PP)
Penalties :
Ryan Ellis (NyI) for Hooking (Minor) at 12:41, Nazem Kadri (N.J) for Boarding (Minor) at 13:10, Anze Kopitar (NyI) for Goalie Interference (Minor) at 16:57
Goalie Stats
Tyler Weiman (NyI), 28 saves from 33 shots - (0.848), L, 10-9-0, 60:00 minutes
Thomas McCollum (N.J), 31 saves from 32 shots - (0.969), W, 2-0-0, 60:00 minutes
Players Stats for Islanders
Player Name G A P +/- PIM S H SB GA TA FO MP PP MP PK MP
------------------------------------------------------------------------------------
Andrew Shaw 0 0 0 0 0 0 0 0 0 0 0/0 7:50 0:00 0:00
Anze Kopitar 0 0 0 0 2 2 2 0 0 0 8/15 17:00 0:16 4:20
Brayden McNabb 0 0 0 -3 2 2 1 1 0 3 0/0 21:45 0:00 4:45
Brayden Schenn 0 0 0 -4 0 3 2 1 1 1 14/34 24:42 0:47 6:10
Brock McGinn 0 1 1 0 0 1 0 0 0 0 0/1 16:52 0:16 4:14
Dylan McIlrath 0 0 0 0 2 0 1 1 0 0 0/0 13:20 0:29 1:35
Emerson Etem 0 0 0 0 0 2 2 0 0 0 0/0 10:57 0:00 0:25
Jason Akeson 0 0 0 0 0 1 0 0 0 0 0/0 9:44 0:00 0:00
Jason Spezza 0 1 1 0 2 2 2 0 0 1 0/1 11:58 0:16 0:00
Kellan Lain 0 0 0 -4 0 1 1 1 0 0 0/1 24:42 0:47 6:13
Melker Karlsson 0 0 0 0 2 1 1 0 1 0 1/2 8:12 0:00 0:22
Michael Latta 0 0 0 0 0 2 2 0 0 0 2/2 9:44 0:00 0:00
Nikita Zadorov 0 0 0 -3 0 3 0 4 0 1 0/0 20:40 0:29 4:14
Ryan Ellis 1 0 1 -1 2 3 2 1 0 1 0/0 27:14 1:03 6:09
Sergei Plotnikov 0 0 0 0 0 0 0 0 0 0 1/1 7:50 0:00 0:00
Thomas Chabot 0 0 0 0 0 3 2 0 1 0 0/0 11:48 0:00 0:11
Vladimir Tarasenko 0 0 0 -4 0 5 2 0 1 0 1/4 16:31 0:18 0:00
Yann Sauvé 0 0 0 -1 2 1 1 0 0 2 0/0 26:42 0:34 4:50
Players Stats for Devils
Player Name G A P +/- PIM S H SB GA TA FO MP PP MP PK MP
------------------------------------------------------------------------------------
Anton Lander 0 2 2 2 0 1 1 0 1 0 2/5 8:17 0:00 1:00
Anton Stralman 0 0 0 0 0 0 4 0 1 1 0/0 19:32 0:00 0:43
Brandon Carlo 0 0 0 2 0 0 1 0 0 0 0/0 14:22 0:00 0:16
Brayden Point 1 0 1 1 0 1 2 1 0 0 3/7 17:18 6:11 0:01
Eric Tangradi 0 1 1 2 0 2 0 0 0 0 0/0 7:18 0:00 0:02
Jonathan Huberdeau 1 0 1 0 0 2 2 0 0 0 0/0 17:48 4:32 0:00
Kristopher Letang 0 0 0 0 2 1 2 2 1 0 0/0 25:42 6:25 0:27
Logan Shaw 0 1 1 1 0 4 3 0 0 1 0/0 12:22 0:09 1:01
Matt Donovan 1 0 1 2 0 1 1 1 0 0 0/0 19:55 4:27 0:20
Michael Del Zotto 0 1 1 2 0 2 4 2 0 0 0/0 20:33 6:25 0:00
Nail Yakupov 1 1 2 2 0 1 0 0 0 0 0/0 7:07 0:00 0:00
Nazem Kadri 0 1 1 1 2 5 2 0 1 0 23/34 22:24 6:19 0:00
Nick Palmieri 0 0 0 1 0 1 0 1 0 0 0/2 16:08 0:09 0:02
Ondrej Kase 0 0 0 0 0 2 2 0 0 0 0/1 17:48 4:32 0:00
Sean Monahan 0 1 1 0 0 3 0 0 3 0 5/10 17:46 4:32 0:00
Sven Baertschi 0 0 0 1 0 0 0 0 0 0 0/0 10:38 0:00 0:00
Thomas Hickey 0 1 1 2 0 1 0 3 0 1 0/0 19:55 4:27 0:20
Tyler Ennis 1 0 1 1 0 6 1 0 2 1 1/2 22:32 6:11 0:00
3 Stars
1 - Thomas McCollum (N.J)
2 - Nail Yakupov (N.J)
3 - Matt Donovan (N.J)
Power Play
Islanders - 1 on 2 Attempt(s) - 50.00%
Devils - 1 on 7 Attempt(s) - 14.29%
Penalty Kill
Islanders - 6 on 7 Attempt(s) - 85.71%
- Score 0 goal in Penalty Kill
Devils - 1 on 2 Attempt(s) - 50.00%
- Score 0 goal in Penalty Kill
Team Stat
Islanders - Hits : 21 - Faceoff Wins : 27 - Blocked Shots : 9 - Penalty Minutes : 14
Devils - Hits : 25 - Faceoff Wins : 34 - Blocked Shots : 10 - Penalty Minutes : 4
Official
Referees : Marc Joannette and Furman South
Linesman : Ryan Daisy and Jesse Marquis
Game Notes
No Game Note
Finance
Level 1 -- Attendance: 6000 (100.00%) -- Ticket Income $600,000
Level 2 -- Attendance: 4717 (94.34%) -- Ticket Income $283,020
Level 3 -- Attendance: 1983 (99.15%) -- Ticket Income $69,405
Level 4 -- Attendance: 4000 (100.00%) -- Ticket Income $100,000
Luxury Box -- Attendance: 978 (97.80%) -- Ticket Income $195,600
Game was played at the Prudential Center.
Total Attendance: 17678 (98.21%)
Total Ticket Income: $1,248,025
Other Income: $187,204
Total Income: $1,435,229
Islanders
5 vs 5 Forward
Center Left Wing Right Wing Time % Phy DF OF
1 Brayden Schenn Kellan Lain Vladimir Tarasenko 40 1 2 2
2 Anze Kopitar Brock McGinn Jason Spezza 30 1 2 2
3 Michael Latta Emerson Etem Jason Akeson 20 1 2 2
4 Melker Karlsson Sergei Plotnikov Andrew Shaw 10 1 2 2
5 vs 5 Defense
Defense Defense Time % Phy DF OF
1 Ryan Ellis Yann Sauvé 40 1 2 2
2 Nikita Zadorov Brayden McNabb 30 1 2 2
3 Dylan McIlrath Thomas Chabot 20 1 2 2
4 Ryan Ellis Yann Sauvé 10 1 2 2
PowerPlay Forward
Center Left Wing Right Wing Time % Phy DF OF
1 Brayden Schenn Kellan Lain Vladimir Tarasenko 60 1 2 2
2 Anze Kopitar Brock McGinn Jason Spezza 40 1 2 2
PowerPlay Defense
Defense Defense Time % Phy DF OF
1 Ryan Ellis Yann Sauvé 60 1 2 2
2 Nikita Zadorov Brayden McNabb 40 1 2 2
Penalty Kill 4 Players Forward
Center Wing Time % Phy DF OF
1 Brayden Schenn Kellan Lain 60 1 2 2
2 Anze Kopitar Brock McGinn 40 1 2 2
Penalty Kill 4 Players Defense
Defense Defense Time % Phy DF OF
1 Ryan Ellis Yann Sauvé 60 1 2 2
2 Nikita Zadorov Brayden McNabb 40 1 2 2
Penalty Kill - 3 Players Forward
Forward Time % Phy DF OF
1 Brayden Schenn 60 1 2 2
2 Anze Kopitar 40 1 2 2
Penalty Kill - 3 Players Defense
Defense Defense Time % Phy DF OF
1 Ryan Ellis Yann Sauvé 60 1 2 2
2 Nikita Zadorov Brayden McNabb 40 1 2 2
4 vs 4 Forward
Center Wing Time % Phy DF OF
1 Brayden Schenn Kellan Lain 60 1 2 2
2 Anze Kopitar Brock McGinn 40 1 2 2
4 vs 4 Defense
Defense Defense Time % Phy DF OF
1 Ryan Ellis Yann Sauvé 60 1 2 2
2 Nikita Zadorov Brayden McNabb 40 1 2 2
Last Minutes Offensive
Center Left Wing Right Wing Defense Defense
Brayden Schenn Kellan Lain Vladimir Tarasenko Ryan Ellis Yann Sauvé
Last Minutes Defensive
Center Left Wing Right Wing Defense Defense
Brayden Schenn Kellan Lain Vladimir Tarasenko Ryan Ellis Yann Sauvé
Goaltenders
Starting : Tyler Weiman
Backup : Joonas Korpisalo
Extra Forwards
Normal : Kellan Lain, Brock McGinn, Emerson Etem - PP : Kellan Lain, Brock McGinn - PK : Kellan Lain
Extra Defensemen
Normal : Brayden McNabb, Dylan McIlrath, Thomas Chabot - PP : Brayden McNabb - PK : Brayden McNabb, Dylan McIlrath
Penalty Shots
Vladimir Tarasenko, Brayden Schenn, Anze Kopitar, Jason Spezza, Kellan Lain
Custom OT Lines Forwards
Vladimir Tarasenko, Brayden Schenn, Anze Kopitar, Jason Spezza, Kellan Lain, Brock McGinn, Emerson Etem, Michael Latta, Jason Akeson, Melker Karlsson
Custom OT Lines Defensemen
Ryan Ellis, Yann Sauvé, Nikita Zadorov, Brayden McNabb, Dylan McIlrath
Scratches
Ben Johnson (Healthy), Christian Fischer (Healthy), Gabriel Carlsson (Healthy), James Livingstone (Healthy)
Devils
5 vs 5 Forward
Center Left Wing Right Wing Time % Phy DF OF
1 Nazem Kadri Tyler Ennis Nick Palmieri 36 0 2 3
2 Sean Monahan Jonathan Huberdeau Ondrej Kase 28 0 2 3
3 Brayden Point Sven Baertschi Logan Shaw 22 0 2 3
4 Anton Lander Eric Tangradi Nail Yakupov 14 0 2 3
5 vs 5 Defense
Defense Defense Time % Phy DF OF
1 Anton Stralman Kristopher Letang 38 1 3 1
2 Brandon Carlo Michael Del Zotto 32 1 3 1
3 Matt Donovan Thomas Hickey 30 1 3 1
4 Brandon Carlo Kristopher Letang 0 1 3 1
PowerPlay Forward
Center Left Wing Right Wing Time % Phy DF OF
1 Nazem Kadri Tyler Ennis Brayden Point 60 0 0 5
2 Sean Monahan Jonathan Huberdeau Ondrej Kase 40 0 0 5
PowerPlay Defense
Defense Defense Time % Phy DF OF
1 Michael Del Zotto Kristopher Letang 60 0 2 3
2 Thomas Hickey Matt Donovan 40 0 2 3
Penalty Kill 4 Players Forward
Center Wing Time % Phy DF OF
1 Anton Lander Logan Shaw 60 0 3 2
2 Nazem Kadri Tyler Ennis 40 0 3 2
Penalty Kill 4 Players Defense
Defense Defense Time % Phy DF OF
1 Brandon Carlo Anton Stralman 60 1 4 0
2 Matt Donovan Thomas Hickey 40 1 4 0
Penalty Kill - 3 Players Forward
Forward Time % Phy DF OF
1 Nazem Kadri 60 0 4 1
2 Sean Monahan 40 0 4 1
Penalty Kill - 3 Players Defense
Defense Defense Time % Phy DF OF
1 Brandon Carlo Anton Stralman 60 1 4 0
2 Matt Donovan Kristopher Letang 40 1 4 0
4 vs 4 Forward
Center Wing Time % Phy DF OF
1 Nazem Kadri Tyler Ennis 60 0 2 3
2 Sean Monahan Jonathan Huberdeau 40 0 2 3
4 vs 4 Defense
Defense Defense Time % Phy DF OF
1 Anton Stralman Kristopher Letang 60 0 3 2
2 Brandon Carlo Michael Del Zotto 40 0 3 2
Last Minutes Offensive
Center Left Wing Right Wing Defense Defense
Nazem Kadri Tyler Ennis Nick Palmieri Brandon Carlo Kristopher Letang
Last Minutes Defensive
Center Left Wing Right Wing Defense Defense
Nazem Kadri Tyler Ennis Nick Palmieri Brandon Carlo Kristopher Letang
Goaltenders
Starting : Thomas McCollum
Backup : Jonathan Quick
Extra Forwards
Normal : Brayden Point, Nail Yakupov, Logan Shaw - PP : Nick Palmieri, Brayden Point - PK : Nick Palmieri
Extra Defensemen
Normal : Anton Stralman, Brandon Carlo, Michael Del Zotto - PP : Anton Stralman - PK : Anton Stralman, Thomas Hickey
Penalty Shots
Tyler Ennis, Sean Monahan, Nazem Kadri, Nick Palmieri, Brayden Point
Custom OT Lines Forwards
Nazem Kadri, Tyler Ennis, Jonathan Huberdeau, Sean Monahan, Brayden Point, Nick Palmieri, Logan Shaw, Nail Yakupov, Anton Lander, Ondrej Kase
Custom OT Lines Defensemen
Brandon Carlo, Kristopher Letang, Michael Del Zotto, Anton Stralman, Matt Donovan
Scratches
Damon Severson (Healthy), Miikka Salomaki (Healthy), Calvin Pickard (Healthy)
% Time on Ice - Islanders
Lines # - Real PCT - Wanted PCT - Time Play
Normal Forward
1 - 37% - 40% - 17:18
2 - 25% - 30% - 11:43
3 - 21% - 20% - 9:44
4 - 17% - 10% - 7:50
Normal Defense
1 - 41% - 40% - 19:01
2 - 34% - 30% - 16:02
3 - 21% - 20% - 9:47
4 - 4% - 10% - 1:45
PP Forward
1 - 75% - 60% - 0:47
2 - 25% - 40% - 0:16
PP Defense
1 - 100% - 60% - 1:03
2 - 0% - 40% - 0:00
PK Forward
1 - 71% - 60% - 7:42
2 - 29% - 40% - 3:10
PK Defense
1 - 59% - 60% - 6:27
2 - 41% - 40% - 4:25
PK3 Forward
1 - 0% - 60%
2 - 0% - 40%
PK3 Defense
1 - 0% - 60%
2 - 0% - 40%
44 Forward
1 - 80% - 60% - 1:12
2 - 20% - 40% - 0:18
44 Defense
1 - 100% - 60% - 1:30
2 - 0% - 40% - 0:00
Last Minute Offensive - 0:00
Last Minute Defensive - 0:00
Total
Forward - 60:00
Defense - 60:00
|
% Time on Ice - Devils
Lines # - Real PCT - Wanted PCT - Time Play
Normal Forward
1 - 35% - 36% - 16:05
2 - 28% - 28% - 13:16
3 - 23% - 22% - 10:38
4 - 14% - 14% - 6:36
Normal Defense
1 - 39% - 38% - 18:06
2 - 32% - 32% - 14:59
3 - 29% - 30% - 13:30
4 - 0% - 0% - 0:00
PP Forward
1 - 58% - 60% - 6:20
2 - 42% - 40% - 4:32
PP Defense
1 - 59% - 60% - 6:25
2 - 41% - 40% - 4:27
PK Forward
1 - 100% - 60% - 1:03
2 - 0% - 40% - 0:00
PK Defense
1 - 68% - 60% - 0:43
2 - 32% - 40% - 0:20
PK3 Forward
1 - 0% - 60%
2 - 0% - 40%
PK3 Defense
1 - 0% - 60%
2 - 0% - 40%
44 Forward
1 - 100% - 60% - 1:30
2 - 0% - 40% - 0:00
44 Defense
1 - 64% - 60% - 0:58
2 - 36% - 40% - 0:32
Last Minute Offensive - 0:00
Last Minute Defensive - 0:00
Total
Forward - 60:00
Defense - 60:00
|
Play-by-Play
1st period
0:01 of 1st period - Nazem Kadri wins face-off versus Brayden Schenn in neutral zone.
0:04 of 1st period - Yann Sauvé is hit by Kristopher Letang and loses puck.
0:27 of 1st period - Anze Kopitar is hit by Kristopher Letang and loses puck.
0:48 of 1st period - Minor Penalty to Jason Spezza for Interference.
0:49 of 1st period - Brayden Schenn wins face-off versus Nazem Kadri in Islanders zone.
1:25 of 1st period - Wrist shot by Jonathan Huberdeau.
1:25 of 1st period - Shot Misses the Net.
2:19 of 1st period - Snap shot by Sean Monahan.
2:19 of 1st period - Shot Blocked by Nikita Zadorov.
2:21 of 1st period - Slapshot by Michael Del Zotto.
2:21 of 1st period - Stopped by Tyler Weiman without a rebound.
2:22 of 1st period - Nazem Kadri wins face-off versus Anze Kopitar in Islanders zone.
2:48 of 1st period - Penalty to Jason Spezza is over, Jason Spezza is back on ice.
3:06 of 1st period - Wrist shot by Eric Tangradi.
3:06 of 1st period - Stopped by Tyler Weiman without a rebound.
3:07 of 1st period - Michael Latta wins face-off versus Anton Lander in Islanders zone.
3:26 of 1st period - Snap shot by Michael Latta.
3:26 of 1st period - Stopped by Thomas McCollum with a rebound.
4:30 of 1st period - Snap shot by Michael Latta.
4:30 of 1st period - Shot Misses the Net.
4:50 of 1st period - Wrist shot by Jason Akeson.
4:50 of 1st period - Shot Blocked by Michael Del Zotto.
4:56 of 1st period - Wrist shot by Jason Akeson.
4:56 of 1st period - Stopped by Thomas McCollum without a rebound.
4:57 of 1st period - Sean Monahan wins face-off versus Brayden Schenn in Devils zone.
5:02 of 1st period - Ondrej Kase is hit by Brayden Schenn and loses puck.
5:19 of 1st period - Minor Penalty to Kristopher Letang for Hooking.
5:20 of 1st period - Brayden Schenn wins face-off versus Anton Lander in Devils zone.
5:35 of 1st period - Snap shot by Brayden Schenn.
5:35 of 1st period - Shot Misses the Net.
5:37 of 1st period - Snap shot by Brayden Schenn.
5:37 of 1st period - Stopped by Thomas McCollum without a rebound.
5:38 of 1st period - Anton Lander wins face-off versus Brock McGinn in Devils zone.
5:49 of 1st period - Slapshot by Jason Spezza.
5:49 of 1st period - Shot Misses the Net.
5:51 of 1st period - Wrist shot by Brock McGinn.
5:51 of 1st period - Shot Misses the Net.
5:53 of 1st period - Slapshot by Ryan Ellis.
5:53 of 1st period - Goal by Ryan Ellis - Islanders : 1 - Devils : 0.
5:54 of 1st period - Brayden Point wins face-off versus Brayden Schenn in neutral zone.
5:59 of 1st period - Wrist shot by Brayden Point.
5:59 of 1st period - Shot Misses the Net.
6:05 of 1st period - Wrist shot by Vladimir Tarasenko.
6:05 of 1st period - Stopped by Thomas McCollum with a rebound.
6:07 of 1st period - Slapshot by Nikita Zadorov.
6:07 of 1st period - Shot Blocked by Matt Donovan.
6:11 of 1st period - Wrist shot by Brayden Schenn.
6:11 of 1st period - Shot Misses the Net.
6:26 of 1st period - Snap shot by Anze Kopitar.
6:26 of 1st period - Shot Misses the Net.
6:28 of 1st period - Wrist shot by Brock McGinn.
6:28 of 1st period - Shot Blocked by Thomas Hickey.
6:30 of 1st period - Slapshot by Ryan Ellis.
6:30 of 1st period - Deflect By Matt Donovan.
6:30 of 1st period - Stopped by Thomas McCollum without a rebound.
6:31 of 1st period - Nazem Kadri wins face-off versus Brayden Schenn in Devils zone.
6:38 of 1st period - Slapshot by Tyler Ennis.
6:38 of 1st period - Stopped by Tyler Weiman without a rebound.
6:39 of 1st period - Brayden Schenn wins face-off versus Nazem Kadri in Islanders zone.
6:59 of 1st period - Wrist shot by Vladimir Tarasenko.
6:59 of 1st period - Deflect By Nazem Kadri.
6:59 of 1st period - Shot Blocked by Nick Palmieri.
6:59 of 1st period - Puck is out of play.
7:00 of 1st period - Anze Kopitar wins face-off versus Brayden Point in Devils zone.
7:07 of 1st period - Wrist shot by Anze Kopitar.
7:07 of 1st period - Shot Blocked by Thomas Hickey.
7:09 of 1st period - Slapshot by Ryan Ellis.
7:09 of 1st period - Shot Blocked by Brayden Point.
7:37 of 1st period - Snap shot by Sean Monahan.
7:37 of 1st period - Deflect By Jonathan Huberdeau.
7:37 of 1st period - Shot Misses the Net.
7:37 of 1st period - Puck is out of play.
7:38 of 1st period - Brayden Schenn wins face-off versus Sean Monahan in Islanders zone.
8:19 of 1st period - Wrist shot by Nick Palmieri.
8:19 of 1st period - Shot Misses the Net.
8:25 of 1st period - Wrist shot by Vladimir Tarasenko.
8:25 of 1st period - Stopped by Thomas McCollum with a rebound.
8:27 of 1st period - Slapshot by Brayden McNabb.
8:27 of 1st period - Deflect By Anton Stralman.
8:27 of 1st period - Stopped by Thomas McCollum with a rebound.
8:31 of 1st period - Snap shot by Brayden Schenn.
8:31 of 1st period - Stopped by Thomas McCollum without a rebound.
8:32 of 1st period - Brayden Point wins face-off versus Jason Spezza in Devils zone.
8:59 of 1st period - Brock McGinn is hit by Logan Shaw and loses puck.
9:08 of 1st period - Snap shot by Logan Shaw.
9:08 of 1st period - Shot Misses the Net.
9:10 of 1st period - Snap shot by Matt Donovan.
9:10 of 1st period - Shot Misses the Net.
9:48 of 1st period - Slapshot by Michael Del Zotto.
9:48 of 1st period - Stopped by Tyler Weiman without a rebound.
9:49 of 1st period - Sean Monahan wins face-off versus Vladimir Tarasenko in Islanders zone.
9:52 of 1st period - Snap shot by Sean Monahan.
9:52 of 1st period - Stopped by Tyler Weiman with a rebound.
10:28 of 1st period - Slapshot by Anton Lander.
10:28 of 1st period - Shot Misses the Net.
10:30 of 1st period - Slapshot by Matt Donovan.
10:30 of 1st period - Goal by Matt Donovan - Islanders : 1 - Devils : 1.
10:31 of 1st period - Tyler Ennis wins face-off versus Melker Karlsson in neutral zone.
10:39 of 1st period - Minor Penalty to Yann Sauvé for Elbowing.
10:40 of 1st period - Nazem Kadri wins face-off versus Brayden Schenn in Islanders zone.
10:46 of 1st period - Wrist shot by Tyler Ennis.
10:46 of 1st period - Shot Misses the Net.
10:48 of 1st period - Slapshot by Michael Del Zotto.
10:48 of 1st period - Deflect By Nazem Kadri.
10:48 of 1st period - Stopped by Tyler Weiman without a rebound.
10:49 of 1st period - Nazem Kadri wins face-off versus Kellan Lain in Islanders zone.
11:23 of 1st period - Ryan Ellis is hit by Brayden Point and loses puck.
12:06 of 1st period - Ryan Ellis is hit by Ondrej Kase and loses puck.
12:39 of 1st period - Penalty to Yann Sauvé is over, Yann Sauvé is back on ice.
13:09 of 1st period - Eric Tangradi is hit by Emerson Etem and loses puck.
13:43 of 1st period - Thomas Chabot is hit by Anton Stralman and loses puck.
13:52 of 1st period - Anton Stralman is hit by Melker Karlsson and loses puck.
14:03 of 1st period - Jason Akeson is hit by Nazem Kadri and loses puck.
14:10 of 1st period - Anton Stralman is hit by Michael Latta and loses puck.
14:31 of 1st period - Icing by Nikita Zadorov.
14:32 of 1st period - Brayden Schenn wins face-off versus Brayden Point in Islanders zone.
14:48 of 1st period - Icing by Nikita Zadorov.
14:49 of 1st period - Anze Kopitar wins face-off versus Nazem Kadri in Islanders zone.
14:54 of 1st period - Nazem Kadri is hit by Anze Kopitar and loses puck.
14:59 of 1st period - Wrist shot by Brock McGinn.
14:59 of 1st period - Stopped by Thomas McCollum without a rebound.
15:00 of 1st period - Nazem Kadri wins face-off versus Vladimir Tarasenko in Devils zone.
15:59 of 1st period - Snap shot by Logan Shaw.
15:59 of 1st period - Stopped by Tyler Weiman without a rebound.
16:00 of 1st period - Vladimir Tarasenko wins face-off versus Nazem Kadri in Islanders zone.
16:58 of 1st period - Wrist shot by Michael Latta.
16:58 of 1st period - Shot Misses the Net.
17:00 of 1st period - Slapshot by Emerson Etem.
17:00 of 1st period - Stopped by Thomas McCollum with a rebound.
17:14 of 1st period - Backhand shot by Brandon Carlo.
17:14 of 1st period - Shot Blocked by Brayden McNabb.
17:58 of 1st period - Minor Penalty to Brayden McNabb for Hooking.
17:59 of 1st period - Nazem Kadri wins face-off versus Brayden Schenn in Islanders zone.
19:58 of 1st period - Penalty to Brayden McNabb is over, Brayden McNabb is back on ice.
Goals for this period are 1 for Islanders vs 1 for Devils.
Shots for this period are 11 for Islanders vs 8 for Devils.
2nd period
0:01 of 2nd period - Nazem Kadri wins face-off versus Brayden Schenn in neutral zone.
0:16 of 2nd period - Slapshot by Tyler Ennis.
0:16 of 2nd period - Shot Misses the Net.
0:57 of 2nd period - Snap shot by Melker Karlsson.
0:57 of 2nd period - Stopped by Thomas McCollum without a rebound.
0:58 of 2nd period - Brayden Schenn wins face-off versus Nazem Kadri in Devils zone.
1:03 of 2nd period - Slapshot by Nick Palmieri.
1:03 of 2nd period - Stopped by Tyler Weiman without a rebound.
1:04 of 2nd period - Nazem Kadri wins face-off versus Brayden Schenn in Islanders zone.
1:05 of 2nd period - Slapshot by Tyler Ennis.
1:05 of 2nd period - Stopped by Tyler Weiman with a rebound.
1:07 of 2nd period - Backhand shot by Thomas Hickey.
1:07 of 2nd period - Shot Misses the Net.
1:11 of 2nd period - Slapshot by Tyler Ennis.
1:11 of 2nd period - Shot Misses the Net.
1:13 of 2nd period - Snap shot by Tyler Ennis.
1:13 of 2nd period - Goal by Tyler Ennis - Islanders : 1 - Devils : 2.
1:14 of 2nd period - Nazem Kadri wins face-off versus Brayden Schenn in neutral zone.
1:14 of 2nd period - Nazem Kadri is hit by Brayden Schenn.
1:20 of 2nd period - Wrist shot by Nazem Kadri.
1:20 of 2nd period - Stopped by Tyler Weiman without a rebound.
1:21 of 2nd period - Nazem Kadri wins face-off versus Vladimir Tarasenko in Islanders zone.
1:34 of 2nd period - Wrist shot by Tyler Ennis.
1:34 of 2nd period - Shot Misses the Net.
1:38 of 2nd period - Snap shot by Tyler Ennis.
1:38 of 2nd period - Shot Blocked by Brayden Schenn.
1:40 of 2nd period - Snap shot by Tyler Ennis.
1:40 of 2nd period - Stopped by Tyler Weiman with a rebound.
1:42 of 2nd period - Snap shot by Anton Stralman.
1:42 of 2nd period - Deflect By Nick Palmieri.
1:42 of 2nd period - Shot Blocked by Ryan Ellis.
1:42 of 2nd period - Puck is out of play.
1:43 of 2nd period - Anze Kopitar wins face-off versus Ondrej Kase in Islanders zone.
1:45 of 2nd period - Minor Penalty to Dylan McIlrath for Hooking.
1:46 of 2nd period - Nazem Kadri wins face-off versus Brayden Schenn in Islanders zone.
3:45 of 2nd period - Penalty to Dylan McIlrath is over, Dylan McIlrath is back on ice.
4:00 of 2nd period - Slapshot by Anton Lander.
4:00 of 2nd period - Shot Misses the Net.
4:19 of 2nd period - Nikita Zadorov is hit by Michael Del Zotto and loses puck.
4:26 of 2nd period - Slapshot by Nikita Zadorov.
4:26 of 2nd period - Shot Misses the Net.
4:28 of 2nd period - Slapshot by Nikita Zadorov.
4:28 of 2nd period - Stopped by Thomas McCollum with a rebound.
5:22 of 2nd period - Jonathan Huberdeau is hit by Yann Sauvé and loses puck.
5:48 of 2nd period - Tyler Ennis is hit by Jason Spezza and loses puck.
6:59 of 2nd period - Thomas Hickey is hit by Thomas Chabot and loses puck.
7:12 of 2nd period - Slapshot by Thomas Chabot.
7:12 of 2nd period - Stopped by Thomas McCollum with a rebound.
7:17 of 2nd period - Minor Penalty to Melker Karlsson for Hooking.
7:18 of 2nd period - Nazem Kadri wins face-off versus Brayden Schenn in Islanders zone.
7:26 of 2nd period - Backhand shot by Nazem Kadri.
7:26 of 2nd period - Shot Misses the Net.
7:50 of 2nd period - Yann Sauvé is hit by Ondrej Kase and loses puck.
7:55 of 2nd period - Snap shot by Sean Monahan.
7:55 of 2nd period - Shot Misses the Net.
7:57 of 2nd period - Wrist shot by Ondrej Kase.
7:57 of 2nd period - Shot Misses the Net.
8:27 of 2nd period - Thomas Hickey is hit by Anze Kopitar and loses puck.
8:58 of 2nd period - Brayden McNabb is hit by Michael Del Zotto and loses puck.
9:17 of 2nd period - Penalty to Melker Karlsson is over, Melker Karlsson is back on ice.
9:45 of 2nd period - Emerson Etem is hit by Logan Shaw and loses puck.
9:59 of 2nd period - Off-side.
10:00 of 2nd period - Sergei Plotnikov wins face-off versus Anton Lander in neutral zone.
10:03 of 2nd period - Slapshot by Yann Sauvé.
10:03 of 2nd period - Deflect By Matt Donovan.
10:03 of 2nd period - Stopped by Thomas McCollum with a rebound.
10:22 of 2nd period - Icing by Ryan Ellis.
10:23 of 2nd period - Melker Karlsson wins face-off versus Nazem Kadri in Islanders zone.
10:50 of 2nd period - Brayden McNabb is hit by Anton Stralman and loses puck.
10:55 of 2nd period - Wrist shot by Jonathan Huberdeau.
10:55 of 2nd period - Shot Misses the Net.
11:16 of 2nd period - Slapshot by Brock McGinn.
11:16 of 2nd period - Shot Misses the Net.
11:18 of 2nd period - Slapshot by Ryan Ellis.
11:18 of 2nd period - Shot Misses the Net.
11:30 of 2nd period - Brayden Point is hit by Michael Latta and loses puck.
11:57 of 2nd period - Matt Donovan is hit by Vladimir Tarasenko.
12:03 of 2nd period - Nazem Kadri is hit by Thomas Chabot.
12:25 of 2nd period - Snap shot by Brock McGinn.
12:25 of 2nd period - Shot Misses the Net.
13:03 of 2nd period - Wrist shot by Tyler Ennis.
13:03 of 2nd period - Shot Misses the Net.
13:05 of 2nd period - Slapshot by Kristopher Letang.
13:05 of 2nd period - Shot Hit the Post.
13:07 of 2nd period - Slapshot by Anton Stralman.
13:07 of 2nd period - Shot Blocked by Nikita Zadorov.
13:09 of 2nd period - Slapshot by Anton Stralman.
13:09 of 2nd period - Shot Blocked by Nikita Zadorov.
14:04 of 2nd period - Wrist shot by Brayden Point.
14:04 of 2nd period - Goal by Brayden Point - Islanders : 1 - Devils : 3.
14:05 of 2nd period - Sean Monahan wins face-off versus Brayden Schenn in neutral zone.
14:14 of 2nd period - Wrist shot by Jonathan Huberdeau.
14:14 of 2nd period - Stopped by Tyler Weiman without a rebound.
14:15 of 2nd period - Sean Monahan wins face-off versus Brayden Schenn in Islanders zone.
15:02 of 2nd period - Slapshot by Vladimir Tarasenko.
15:02 of 2nd period - Stopped by Thomas McCollum without a rebound.
15:03 of 2nd period - Nazem Kadri wins face-off versus Anze Kopitar in Devils zone.
15:14 of 2nd period - Wrist shot by Nazem Kadri.
15:14 of 2nd period - Stopped by Tyler Weiman without a rebound.
15:15 of 2nd period - Anze Kopitar wins face-off versus Nick Palmieri in Islanders zone.
15:24 of 2nd period - Wrist shot by Anze Kopitar.
15:24 of 2nd period - Stopped by Thomas McCollum with a rebound.
15:26 of 2nd period - Slapshot by Jason Spezza.
15:26 of 2nd period - Stopped by Thomas McCollum with a rebound.
15:28 of 2nd period - Wrist shot by Nikita Zadorov.
15:28 of 2nd period - Stopped by Thomas McCollum with a rebound.
15:30 of 2nd period - Snap shot by Jason Spezza.
15:30 of 2nd period - Stopped by Thomas McCollum with a rebound.
16:33 of 2nd period - Snap shot by Anze Kopitar.
16:33 of 2nd period - Shot Misses the Net.
16:35 of 2nd period - Slapshot by Yann Sauvé.
16:35 of 2nd period - Shot Misses the Net.
16:37 of 2nd period - Slapshot by Ryan Ellis.
16:37 of 2nd period - Deflect By Anze Kopitar.
16:37 of 2nd period - Stopped by Thomas McCollum without a rebound.
16:38 of 2nd period - Michael Latta wins face-off versus Sean Monahan in Devils zone.
16:47 of 2nd period - Snap shot by Michael Latta.
16:47 of 2nd period - Stopped by Thomas McCollum with a rebound.
17:03 of 2nd period - Nikita Zadorov is hit by Brandon Carlo and loses puck.
17:28 of 2nd period - Snap shot by Tyler Ennis.
17:28 of 2nd period - Stopped by Tyler Weiman with a rebound.
17:30 of 2nd period - Slapshot by Thomas Hickey.
17:30 of 2nd period - Deflect By Nick Palmieri.
17:30 of 2nd period - Shot Misses the Net.
17:30 of 2nd period - Puck is out of play.
17:31 of 2nd period - Nazem Kadri wins face-off versus Anze Kopitar in Islanders zone.
17:57 of 2nd period - Sean Monahan is hit by Ryan Ellis and loses puck.
18:08 of 2nd period - Wrist shot by Thomas Hickey.
18:08 of 2nd period - Stopped by Tyler Weiman with a rebound.
18:18 of 2nd period - Wrist shot by Thomas Chabot.
18:18 of 2nd period - Stopped by Thomas McCollum with a rebound.
18:20 of 2nd period - Wrist shot by Thomas Chabot.
18:20 of 2nd period - Shot Misses the Net.
18:48 of 2nd period - Wrist shot by Melker Karlsson.
18:48 of 2nd period - Shot Blocked by Michael Del Zotto.
19:26 of 2nd period - Snap shot by Vladimir Tarasenko.
19:26 of 2nd period - Stopped by Thomas McCollum without a rebound.
19:27 of 2nd period - Nazem Kadri wins face-off versus Brayden Schenn in Devils zone.
19:34 of 2nd period - Kellan Lain is hit by Matt Donovan and loses puck.
19:43 of 2nd period - Thomas Hickey is hit by Brayden McNabb and loses puck.
19:51 of 2nd period - Icing by Nazem Kadri.
19:52 of 2nd period - Sean Monahan wins face-off versus Anze Kopitar in Devils zone.
19:52 of 2nd period - Sean Monahan is hit by Jason Spezza.
19:57 of 2nd period - Thomas Hickey is hit by Ryan Ellis.
Goals for this period are 0 for Islanders vs 2 for Devils.
Shots for this period are 13 for Islanders vs 10 for Devils.
3rd period
0:01 of 3rd period - Brayden Schenn wins face-off versus Nick Palmieri in neutral zone.
0:06 of 3rd period - Snap shot by Kellan Lain.
0:06 of 3rd period - Stopped by Thomas McCollum with a rebound.
0:52 of 3rd period - Snap shot by Nazem Kadri.
0:52 of 3rd period - Stopped by Tyler Weiman without a rebound.
0:53 of 3rd period - Brayden Schenn wins face-off versus Sean Monahan in Islanders zone.
0:53 of 3rd period - Brayden Schenn is hit by Michael Del Zotto.
0:59 of 3rd period - Jonathan Huberdeau is hit by Kellan Lain and loses puck.
1:24 of 3rd period - Logan Shaw is hit by Dylan McIlrath.
1:32 of 3rd period - Thomas Chabot is hit by Logan Shaw and loses puck.
1:43 of 3rd period - Snap shot by Nail Yakupov.
1:43 of 3rd period - Shot Blocked by Dylan McIlrath.
1:45 of 3rd period - Snap shot by Eric Tangradi.
1:45 of 3rd period - Stopped by Tyler Weiman with a rebound.
3:56 of 3rd period - Nikita Zadorov is hit by Michael Del Zotto and loses puck.
4:18 of 3rd period - Snap shot by Eric Tangradi.
4:18 of 3rd period - Deflect By Anton Lander.
4:18 of 3rd period - Stopped by Tyler Weiman with a rebound.
4:26 of 3rd period - Kristopher Letang is hit by Emerson Etem.
4:30 of 3rd period - Emerson Etem is hit by Anton Stralman and loses puck.
4:43 of 3rd period - Snap shot by Jason Akeson.
4:43 of 3rd period - Deflect By Emerson Etem.
4:43 of 3rd period - Stopped by Thomas McCollum without a rebound.
4:44 of 3rd period - Nazem Kadri wins face-off versus Brayden Schenn in Devils zone.
4:51 of 3rd period - Wrist shot by Tyler Ennis.
4:51 of 3rd period - Shot Misses the Net.
4:53 of 3rd period - Snap shot by Tyler Ennis.
4:53 of 3rd period - Deflect By Nazem Kadri.
4:53 of 3rd period - Shot Misses the Net.
4:53 of 3rd period - Puck is out of play.
4:54 of 3rd period - Nazem Kadri wins face-off versus Brayden Schenn in Islanders zone.
4:55 of 3rd period - Slapshot by Tyler Ennis.
4:55 of 3rd period - Shot Misses the Net.
4:57 of 3rd period - Slapshot by Tyler Ennis.
4:57 of 3rd period - Shot Misses the Net.
4:59 of 3rd period - Wrist shot by Nazem Kadri.
4:59 of 3rd period - Shot Misses the Net.
5:11 of 3rd period - Snap shot by Tyler Ennis.
5:11 of 3rd period - Shot Misses the Net.
5:15 of 3rd period - Wrist shot by Tyler Ennis.
5:15 of 3rd period - Shot Misses the Net.
5:17 of 3rd period - Slapshot by Kristopher Letang.
5:17 of 3rd period - Deflect By Thomas Chabot.
5:17 of 3rd period - Stopped by Tyler Weiman without a rebound.
5:18 of 3rd period - Anze Kopitar wins face-off versus Sean Monahan in Islanders zone.
5:18 of 3rd period - Anze Kopitar is hit by Jonathan Huberdeau.
6:34 of 3rd period - Sergei Plotnikov is hit by Anton Lander and loses puck.
6:59 of 3rd period - Jason Spezza is hit by Anton Stralman and loses puck.
8:34 of 3rd period - Snap shot by Anton Lander.
8:34 of 3rd period - Shot Blocked by Nikita Zadorov.
8:36 of 3rd period - Slapshot by Nail Yakupov.
8:36 of 3rd period - Goal by Nail Yakupov - Islanders : 1 - Devils : 4.
8:37 of 3rd period - Brayden Schenn wins face-off versus Tyler Ennis in neutral zone.
8:48 of 3rd period - Snap shot by Vladimir Tarasenko.
8:48 of 3rd period - Stopped by Thomas McCollum with a rebound.
9:58 of 3rd period - Wrist shot by Eric Tangradi.
9:58 of 3rd period - Deflect By Anton Lander.
9:58 of 3rd period - Shot Misses the Net.
9:58 of 3rd period - Puck is out of play.
9:59 of 3rd period - Nazem Kadri wins face-off versus Brayden Schenn in Islanders zone.
10:04 of 3rd period - Snap shot by Nazem Kadri.
10:04 of 3rd period - Deflect By Brayden Schenn.
10:04 of 3rd period - Shot Misses the Net.
10:04 of 3rd period - Puck is out of play.
10:05 of 3rd period - Nazem Kadri wins face-off versus Brayden Schenn in Islanders zone.
10:06 of 3rd period - Snap shot by Tyler Ennis.
10:06 of 3rd period - Shot Misses the Net.
10:08 of 3rd period - Slapshot by Anton Stralman.
10:08 of 3rd period - Shot Misses the Net.
10:10 of 3rd period - Snap shot by Nazem Kadri.
10:10 of 3rd period - Shot Misses the Net.
10:12 of 3rd period - Slapshot by Kristopher Letang.
10:12 of 3rd period - Shot Blocked by Kellan Lain.
10:34 of 3rd period - Slapshot by Logan Shaw.
10:34 of 3rd period - Shot Misses the Net.
10:42 of 3rd period - Sven Baertschi is hit by Vladimir Tarasenko and loses puck.
10:49 of 3rd period - Wrist shot by Brayden Schenn.
10:49 of 3rd period - Stopped by Thomas McCollum without a rebound.
10:50 of 3rd period - Anze Kopitar wins face-off versus Nazem Kadri in Devils zone.
10:51 of 3rd period - Slapshot by Brock McGinn.
10:51 of 3rd period - Shot Misses the Net.
10:53 of 3rd period - Snap shot by Brayden McNabb.
10:53 of 3rd period - Shot Misses the Net.
10:55 of 3rd period - Slapshot by Nikita Zadorov.
10:55 of 3rd period - Stopped by Thomas McCollum with a rebound.
12:07 of 3rd period - Wrist shot by Eric Tangradi.
12:07 of 3rd period - Deflect By Anton Lander.
12:07 of 3rd period - Shot Misses the Net.
12:07 of 3rd period - Puck is out of play.
12:08 of 3rd period - Anton Lander wins face-off versus Anze Kopitar in Islanders zone.
12:33 of 3rd period - Ryan Ellis is hit by Nazem Kadri and loses puck.
12:41 of 3rd period - Minor Penalty to Ryan Ellis for Hooking.
12:42 of 3rd period - Nazem Kadri wins face-off versus Brayden Schenn in Islanders zone.
12:46 of 3rd period - Snap shot by Nazem Kadri.
12:46 of 3rd period - Stopped by Tyler Weiman with a rebound.
13:10 of 3rd period - Minor Penalty to Nazem Kadri for Boarding.
13:11 of 3rd period - Brayden Schenn wins face-off versus Brayden Point in Devils zone.
14:41 of 3rd period - Penalty to Ryan Ellis is over, Ryan Ellis is back on ice.
14:46 of 3rd period - Slapshot by Nikita Zadorov.
14:46 of 3rd period - Shot Blocked by Kristopher Letang.
15:10 of 3rd period - Penalty to Nazem Kadri is over, Nazem Kadri is back on ice.
15:42 of 3rd period - Snap shot by Ryan Ellis.
15:42 of 3rd period - Stopped by Thomas McCollum without a rebound.
15:43 of 3rd period - Anze Kopitar wins face-off versus Sean Monahan in Devils zone.
16:15 of 3rd period - Snap shot by Andrew Shaw.
16:15 of 3rd period - Shot Blocked by Thomas Hickey.
16:17 of 3rd period - Wrist shot by Brayden McNabb.
16:17 of 3rd period - Stopped by Thomas McCollum with a rebound.
16:46 of 3rd period - Snap shot by Sean Monahan.
16:46 of 3rd period - Stopped by Tyler Weiman without a rebound.
16:47 of 3rd period - Nazem Kadri wins face-off versus Anze Kopitar in Islanders zone.
16:52 of 3rd period - Snap shot by Tyler Ennis.
16:52 of 3rd period - Stopped by Tyler Weiman without a rebound.
16:53 of 3rd period - Nazem Kadri wins face-off versus Anze Kopitar in Islanders zone.
16:57 of 3rd period - Minor Penalty to Anze Kopitar for Goalie Interference.
16:58 of 3rd period - Brayden Schenn wins face-off versus Nazem Kadri in Islanders zone.
16:58 of 3rd period - Brayden Schenn is hit by Tyler Ennis.
17:25 of 3rd period - Wrist shot by Jonathan Huberdeau.
17:25 of 3rd period - Goal by Jonathan Huberdeau - Islanders : 1 - Devils : 5.
17:26 of 3rd period - Brayden Schenn wins face-off versus Nazem Kadri in neutral zone.
17:40 of 3rd period - Slapshot by Yann Sauvé.
17:40 of 3rd period - Shot Misses the Net.
17:42 of 3rd period - Slapshot by Ryan Ellis.
17:42 of 3rd period - Shot Blocked by Kristopher Letang.
17:52 of 3rd period - Yann Sauvé is hit by Jonathan Huberdeau.
17:56 of 3rd period - Snap shot by Sean Monahan.
17:56 of 3rd period - Shot Misses the Net.
17:58 of 3rd period - Snap shot by Sean Monahan.
17:58 of 3rd period - Stopped by Tyler Weiman with a rebound.
18:00 of 3rd period - Snap shot by Ondrej Kase.
18:00 of 3rd period - Stopped by Tyler Weiman with a rebound.
18:02 of 3rd period - Snap shot by Ondrej Kase.
18:02 of 3rd period - Stopped by Tyler Weiman without a rebound.
18:03 of 3rd period - Brayden Schenn wins face-off versus Brayden Point in Islanders zone.
18:10 of 3rd period - Wrist shot by Logan Shaw.
18:10 of 3rd period - Stopped by Tyler Weiman with a rebound.
18:12 of 3rd period - Snap shot by Logan Shaw.
18:12 of 3rd period - Stopped by Tyler Weiman without a rebound.
18:13 of 3rd period - Brayden Point wins face-off versus Brayden Schenn in Islanders zone.
18:32 of 3rd period - Wrist shot by Thomas Chabot.
18:32 of 3rd period - Stopped by Thomas McCollum with a rebound.
18:38 of 3rd period - Snap shot by Logan Shaw.
18:38 of 3rd period - Stopped by Tyler Weiman without a rebound.
18:39 of 3rd period - Anze Kopitar wins face-off versus Nazem Kadri in Islanders zone.
19:27 of 3rd period - Andrew Shaw is hit by Brayden Point and loses puck.
19:51 of 3rd period - Off-side.
19:52 of 3rd period - Brayden Schenn wins face-off versus Nazem Kadri in neutral zone.
Goals for this period are 0 for Islanders vs 2 for Devils.
Shots for this period are 8 for Islanders vs 15 for Devils.
Output by the SimonT Hockey Simulator (STHS) for Francois Prevost